AoeStats
← Barbaricci

Arena

509354192Analyzed
4v4 RM · 5d ago on Sep 26, 2026· 38m 26s· 8 players
Game mode
Random Map
Map size
Large (8 player)
Population
200
Speed
Normal
Resources
Standard
Victory
Conquest
Starting age
Dark Age
Ending age
Imperial Age
RankedLock teamsTeams togetherTeam positionsShared explorationLock speedFull tech treeHidden civsTurbo modeCheats
Victory
Defeat
🇮🇳 Byzantines · India
949
+12
🇮🇳 Turks · India
929
+13
🇺🇸 Spanish · United States
913
+14
🇨🇴 Danes · Colombia
911
+14
🇨🇳 Britons · China
931
-16
🇯🇵 Japanese · Japan
864
-13
🇯🇵 Celts · Japan
843
-12
🇨🇳 Saxons · China
837
-12
kokokun
6:07 Loom
10:45 Feudal Age
17:58 Castle Age
16:22 Double-Bit Axe
16:20 Horse Collar
16:34 Stone Mining
16:40 Gold Mining
18:21 Wheelbarrow
19:28 Stone Mining
21:52 Hand Cart
24:41 Pikeman
25:07 Gambesons
27:37 Bow Saw
27:46 Heavy Plow
28:28 Stone Shaft Mining
28:19 Town Watch
29:32 Stronghold
35:10 Imperial Age
保尔柯猹金
2:52 Loom
5:07 Loom
10:25 Feudal Age
11:12 Double-Bit Axe
16:52 Castle Age
14:36 Horse Collar
15:17 Stone Mining
15:55 Gold Mining
25:04 Wheelbarrow
29:33 Imperial Age
27:39 Heavy Plow
27:28 Town Watch
27:49 Scale Mail Armor
28:00 Forging
27:12 Pikeman
27:53 Squires
28:48 Hand Cart
28:45 Bow Saw
29:38 Shield Wall
29:43 Man-at-Arms
30:09 Gambesons
30:25 Squires
30:10 Arson
30:44 Chain Mail Armor
31:04 Iron Casting
30:27 Long Swordsman
32:01 Plate Mail Armor
32:00 Two-Handed Swordsman
33:05 Champion
33:06 Halberdier
33:18 Capped Ram
35:12 Siege Ram
38:32 Devotion
heat7770
0:30 Loom
10:28 Feudal Age
11:00 Horse Collar
11:08 Double-Bit Axe
12:06 Wheelbarrow
12:08 Gold Mining
12:11 Stone Mining
22:03 Castle Age
22:55 Heavy Plow
23:09 Bow Saw
23:40 Gold Shaft Mining
23:42 Hand Cart
31:35 Imperial Age
30:34 Scale Mail Armor
30:45 Forging
32:41 Chain Mail Armor
33:02 Iron Casting
32:30 Caravan
34:47 Two-Man Saw
33:50 Arson
34:06 Squires
34:11 Padded Archer Armor
34:47 Plate Mail Armor
36:09 Elite Samurai
天上白玉京
2:55 Loom
10:56 Feudal Age
16:28 Castle Age
15:00 Double-Bit Axe
15:08 Horse Collar
19:19 Wheelbarrow
20:20 Stone Mining
26:36 Gold Mining
27:12 Fletching
27:23 Padded Archer Armor
29:25 Murder Holes
29:54 Ballistics
32:31 Imperial Age
30:15 Heavy Plow
31:42 Bodkin Arrow
33:07 Fortified Wall
33:27 Leather Archer Armor
35:42 Chemistry
TheDrunkenKoala
3:15 Loom
13:49 Feudal Age
14:10 Horse Collar
14:19 Double-Bit Axe
19:23 Castle Age
18:28 Wheelbarrow
18:29 Stone Mining
18:30 Gold Mining
20:19 Bow Saw
20:12 Heavy Plow
31:57 Imperial Age
28:53 Pikeman
29:33 Squires
30:34 Hand Cart
30:39 Elite Skirmisher
31:49 Thumb Ring
32:24 Town Watch
33:53 Two-Man Saw
33:42 Conscription
33:29 Fletching
34:57 Ballistics
35:32 Bodkin Arrow
36:02 Halberdier
36:28 Gambesons
38:15 Bracer
38:21 Scale Barding Armor
38:19 Husbandry
Barbaricci
9:48 Feudal Age
15:11 Castle Age
13:05 Double-Bit Axe
13:19 Horse Collar
15:54 Heavy Plow
16:18 Bow Saw
17:21 Fervor
18:05 Loom
27:38 Imperial Age
25:44 Gold Mining
25:47 Stone Mining
26:18 Arson
26:34 Squires
27:18 Wheelbarrow
27:25 Forging
27:49 Redemption
28:30 Hand Cart
28:38 Sanctity
29:28 Block Printing
32:06 Chemistry
32:52 Northmen's Fury
34:20 Scale Mail Armor
34:55 Iron Casting
34:12 Fletching
34:31 Siege Engineers
35:21 Conscription
36:39 Elite Jomsviking
37:18 Hamask
Newplayer
11:00 Feudal Age
12:33 Double-Bit Axe
15:26 Castle Age
14:42 Horse Collar
17:40 Heavy Plow
22:52 Wheelbarrow
25:35 Hand Cart
25:35 Stone Mining
27:25 Bow Saw
28:08 Gold Mining
30:51 Imperial Age
29:04 Pikeman
29:45 Squires
29:30 Gambesons
29:47 Scale Mail Armor
29:58 Forging
30:29 Scale Barding Armor
30:39 Treadmill Crane
32:09 Conscription
32:15 Conscription
32:35 Crop Rotation
33:07 Two-Man Saw
32:22 Husbandry
32:43 Logistica
33:00 Ballistics
33:40 Chemistry
33:54 Elite Cataphract
35:19 Gold Shaft Mining
35:20 Stone Shaft Mining
34:41 Arson
36:09 Chain Barding Armor
36:24 Iron Casting
37:14 Chemistry
37:25 Plate Barding Armor
36:59 Halberdier
burned doc
12:09 Feudal Age
17:22 Castle Age
21:58 Imperial Age
19:28 Double-Bit Axe
22:57 Horse Collar
24:12 Bow Saw
26:42 Wheelbarrow
Connection lost

Rejoining the realm…

Still unreachable

The connection could not be restored.

Session expired

The server has moved on; the page needs a fresh start.